 Dungeon Crawl Stone Soup version 0.25.0-9-g26727b657a (webtiles) character file.

Game seed: 4993797202138249234

12 Descartes the Vexing (level 2, -6/11 HPs)
             Began as a Felid Enchanter on June 20, 2020.
             Mangled by a hobgoblin
             ... wielding a +0 club
              (7 damage)
             ... on level 1 of the Dungeon.
             The game lasted 00:01:02 (553 turns).

Descartes the Vexing (Felid Enchanter)               Turns: 553, Time: 00:01:03

Health: -6/11      AC:  1    Str:  4    XL:     2   Next: 20%
Magic:  6/6        EV: 18    Int: 16    God:
Gold:   27         SH:  0    Dex: 16    Spells: 4/5 levels left
                                        Lives:  0   Deaths: 0

rFire    . . .     SeeInvis +     - Unarmed
rCold    . . .     Gourm    .   (shield unavailable)
rNeg     . . .     Faith    .   (armour unavailable)
rPois    .         Spirit   .   (helmet unavailable)
rElec    .         Reflect  .   (cloak unavailable)
rCorr    .         Harm     .   (gloves unavailable)
MR       .....                  (boots unavailable)
Stlth    +++.......             (no amulet)
HPRegen  0.03/turn              (no ring)
MPRegen  0.10/turn              (no ring)

@: quick
A: very small, no armour, no weapons or thrown items, stealth, claws 1, fangs 3,
see invisible, carnivore, speed 1, shaggy fur 1, slow metabolism 1, sharp paws
a: no special abilities


You were on level 1 of the Dungeon.
You were full.

You visited 1 branch of the dungeon, and saw 1 of its levels.

You collected 27 gold pieces.

Inventory:

Potions
 a - 2 potions of brilliance {unknown}
Comestibles
 b - a ration


   Skills:
 + Level 2.9 Dodging
 * Level 4.4 Stealth
 * Level 1.3 Unarmed Combat
 - Level 2.0 Spellcasting
 * Level 4.7 Hexes


You had 4 spell levels left.
You knew the following spells:

 Your Spells              Type           Power        Failure   Level  Hunger
a - Corona                Hex            ###....      3%          1    #......

Your spell library contained the following spells:

 Spells                   Type           Power        Failure   Level  Hunger
 Confusing Touch          Hex            ###.....     9%          3    ###....
 Tukima's Dance           Hex            ###.....     9%          3    ###....
 Ensorcelled Hibernation  Hex/Ice        #.....       12%         2    ###....
 Dazzling Flash           Conj/Hex       #.....       24%         3    ###....


Dungeon Overview and Level Annotations

Branches:
Dungeon (1/15)

Altars:


Innate Abilities, Weirdness & Mutations

You cannot wear armour.
You are incapable of wielding weapons or throwing items.
Your paws allow you to move quietly. (Stealth)
You have sharp claws.
You have razor-sharp teeth.
You have supernaturally acute eyesight. (SInv)
You are carnivorous and can eat meat at any time.
You cover ground quickly.
You are covered in fur. (AC +1)
You have a slow metabolism.
Your sharp claws are effective at attacking unaware monsters.


Message History

You scratch the hobgoblin.
The hobgoblin is severely wounded.
The hobgoblin misses you.
You barely miss the hobgoblin.
The hobgoblin is severely wounded.
The hobgoblin closely misses you.
You scratch the hobgoblin.
You kill the hobgoblin!
The hobgoblin throws a stone.
The stone hits you.
* * * LOW HITPOINT WARNING * * *
The kobold completely misses you. The hobgoblin barely misses you.
Things that are here:
a +0 club; a +0 dagger; a hobgoblin corpse You scratch the kobold but do no damage.
The kobold closely misses you. The hobgoblin misses you.
You scratch the kobold but do no damage.
The kobold closely misses you.
You completely miss the kobold. The hobgoblin hits you with a +0 club!
Ouch! That really hurt!
You die...

>....# #####.# ...#.#
#.....#
...#.####.#####
.###..........#
......##...##.#####
#######.#.#.#.##..
..........##..##.#
####.##.###.#.##(# .
.# # #..#.##.##@###.#
.# #.##.#.###.##Kg...#
.# #.................#
.######.##...†.....#.#
....%##.##.##.###### #
.###.##....##.# .#
#.##..####.# .#
#.##..# #.# .# #.##..#
#.#


You could see a hobgoblin and a kobold.

Vanquished Creatures
  A goblin (D:1)
  2 hobgoblins (D:1)
  A ball python (D:1)
  5 bats (D:1)
  2 frilled lizards (D:1)
  2 kobolds (D:1)
  2 rats (D:1)
  A toadstool (D:1)
16 creatures vanquished.

Vanquished Creatures (others)
  3 toadstools (D:1)
3 creatures vanquished.

Grand Total: 19 creatures vanquished

Notes
Turn   | Place    | Note
-------+----------+-------------------------------------------
     0 | D:1      | Descartes the Felid Enchanter began the quest for the Orb.
     0 | D:1      | Reached XP level 1. HP: 7/7 MP: 4/4
   483 | D:1      | Reached XP level 2. HP: 11/11 MP: 6/6
   553 | D:1      | Mangled by a hobgoblin

Illustrated notes

Levels and vault maps discovered:
D:1:      ldierk_water_garden, layout_loops_ring, st_stairs_3,
          minmay_misc_feat_columns

Action                   || total
-------------------------++-------
Melee: Unarmed           ||    46
       Bite              ||     1
 Stab: Sleeping          ||     1
  Eat: Chunk             ||     4
Armor: Skin              ||     4
Dodge: Dodged            ||    44
